 Dungeon Crawl Stone Soup version 0.21-a0-150-gc243083 (webtiles) character file.

13 Elafonis the Sneak (level 2, -1/13 HPs)
             Began as a Spriggan Enchanter on July 30, 2017.
             Slain by a leopard gecko (4 damage)
             ... on level 2 of the Dungeon.
             The game lasted 00:04:23 (1905 turns).

Elafonis the Sneak (Spriggan Enchanter)             Turns: 1905, Time: 00:04:23

Health: -1/13      AC:  2    Str:  4    XL:     2   Next: 24%
Magic:  2/7        EV: 16    Int: 16    God:
Gold:   18         SH:  0    Dex: 16    Spells: 4/7 levels left

rFire    . . .     SeeInvis +   a - +2 dagger
rCold    . . .     Gourm    .   (shield restricted)
rNeg     . . .     Faith    .   b - +0 robe
rPois    .         Spirit   .   (helmet restricted)
rElec    .         Reflect  .   (no cloak)
rCorr    .         Harm     .   (gloves unavailable)
MR       .....                  (boots unavailable)
Stlth    ++........             (no amulet)
HPRegen  0.04/turn              (no ring)
MPRegen  0.10/turn              (no ring)

@: very slightly contaminated, heavily drained, very quick
A: unfitting armour, see invisible, herbivore 3, speed 3, slow metabolism 2
a: no special abilities


You were on level 2 of the Dungeon.
You were not hungry.

You visited 1 branch of the dungeon, and saw 2 of its levels.

You collected 18 gold pieces.

Inventory:

Hand Weapons
 a - a +2 dagger (weapon)
Armour
 b - a +0 robe (worn)
Scrolls
 f - a scroll of remove curse
Potions
 e - a potion of flight
Books
 c - a book of Maledictions

   Spells                             Type                      Level
   a - Corona                         Hexes                        1
   b - Ensorcelled Hibernation        Hexes/Ice                    2
   c - Confuse                        Hexes                        3
   d - Tukima's Dance                 Hexes                        3
   e - Dazzling Spray                 Conjuration/Hexes            3
Comestibles
 d - 2 bread rations
 g - a fruit


   Skills:
 - Level 1.1(0.0) Short Blades
 - Level 3.0(1.4) Dodging
 - Level 4.4(2.8) Stealth
 + Level 3.3(1.8) Spellcasting
 + Level 4.1(2.5) Hexes


You had 4 spell levels left.
You knew the following spells:

 Your Spells              Type           Power        Failure   Level  Hunger
a - Ensorcelled Hibernat  Hex/Ice        #.....       19%         2    ###....
b - Corona                Hex            #......      8%          1    ##.....


Dungeon Overview and Level Annotations

Branches:
Dungeon (2/15)

Altars:


Innate Abilities, Weirdness & Mutations

You are very small and have problems with some larger weapons.
You are too small for most types of armour.
You have supernaturally acute eyesight. (SInv)
You are a herbivore.
You cover ground extremely quickly.
You need consume almost no food.


Message History

Confirm with . or Enter, or press ? or * to list all spells.
Aiming: Ensorcelled Hibernation
Press: ? - help, Shift-Dir - straight line, f/p - worm
Aim: a worm (chance to defeat MR: 46%)
The worm looks drowsy...
The helpless worm fails to defend itself.
You puncture the worm!
The worm is heavily wounded.
The worm bites you!
Ouch! That really hurt!
A leopard gecko comes into view.
The leopard gecko hisses angrily.
The leopard gecko barely misses you.
You closely miss the leopard gecko. You barely miss the leopard gecko.
The leopard gecko bites you.
* * * LOW HITPOINT WARNING * * *
Unknown command.
Unknown command.
The leopard gecko bites you.
You die...

.####...# #.........#........#
.#......# #.........#........#
...##...# #.........#........####
#####...# #.........#............
#...# #.........#........####
#...# #......................
#.[.# #...................... ###
#...###..<.........).........
..####.....###..@l##.............
...........# ####.##.........####
...........######.##.........#
........#####.....##.......###
.............w##############
.................#
.................#
................>#
######..(..........


You could see a leopard gecko.

Vanquished Creatures
  2 leopard geckos
  A bat (D:1)
  5 hobgoblins
  A goblin (D:2)
9 creatures vanquished.

Notes
Turn   | Place    | Note
-------+----------+-------------------------------------------
     0 | D:1      | Elafonis the Spriggan Enchanter began the quest for the Orb.
     0 | D:1      | Reached XP level 1. HP: 9/9 MP: 5/5
   882 | D:2      | Reached XP level 2. HP: 5/13 MP: 4/7
  1351 | D:2      | Learned a level 2 spell: Ensorcelled Hibernation
  1905 | D:2      | Slain by a leopard gecko

Vault maps used:
D:1:      dpeg_chamrin_arrival_tetris, minmay_pentomino_x4
D:2:      first_bread, nicolae_ru_awakened_eye

Skill      XL: |  1  2 |
---------------+-------+-----
Spellcasting   | 3 |  3.3
Hexes          | 4 |  4.1
Short Blades   | |  1.1
Dodging        | |  3.0
Stealth        | |  4.4

Action                   || total
-------------------------++-------
Melee: Dagger            ||    52
 Cast: Corona            ||     7
       Ensorcelled Hiber ||     7
  Use: Scroll            ||     5
 Stab: Sleeping          ||     5
Armor: Robe              ||     5
Dodge: Dodged            ||    79
